 Dungeon Crawl Stone Soup version 0.20-a0-1122-gb7cbeb9 (webtiles) character file.

210 Hook the Sneak (level 5, -3/26 HPs)
             Began as a Vine Stalker Enchanter on May 14, 2017.
             Killed from afar by an orc wizard (8 damage)
             ... with a puff of frost
             ... on level 3 of the Dungeon.
             The game lasted 00:23:11 (5566 turns).

Hook the Sneak (Vine Stalker Enchanter)             Turns: 5566, Time: 00:23:12

Health: -3/26      AC:  2    Str: 11    XL:     5   Next: 87%
Magic:  0/11       EV: 12    Int: 16    God:
Gold:   118        SH:  0    Dex: 14    Spells: 2/11 levels left

rFire    . . .     SeeInvis .   a - +1 dagger
rCold    . . .     Gourm    .   (no shield)
rNeg     . . .     Faith    .   b - +0 robe
rPois    .         Spirit   +   (no helmet)
rElec    .         Reflect  .   (no cloak)
rCorr    .         Harm     .   (no gloves)
MR       .....                  (no boots)
Stlth    +++.......             (no amulet)
Regen    0.5/turn               (no ring)
MPRegen  0.2/turn               (no ring)

@: about to teleport
A: fangs 2, regeneration 1, magic shield, antimagic bite, no potion heal 3, rot
immunity
a: no special abilities


You were on level 3 of the Dungeon.
You were not hungry.

You visited 1 branch of the dungeon, and saw 4 of its levels.

You collected 118 gold pieces.

Inventory:

Hand Weapons
 a - a +1 dagger (weapon)
 i - a +0 rapier
Missiles
 f - 5 tomahawks
 t - 32 stones (quivered)
Armour
 b - a +0 robe (worn)
 j - a cursed +0 robe
Jewellery
 h - an uncursed ring of ice
Scrolls
 m - 2 scrolls of teleportation
 n - a scroll of remove curse
Potions
 e - a potion of berserk rage
 g - 2 potions of curing {unknown}
 k - a potion of lignification {unknown}
 p - a potion of experience {unknown}
 s - a potion of heal wounds {unknown}
Books
 c - a book of Maledictions

   Spells                             Type                      Level
   a - Corona                         Hexes                        1
   b - Ensorcelled Hibernation        Hexes/Ice                    2
   c - Confuse                        Hexes                        3
   d - Tukima's Dance                 Hexes                        3
   e - Dazzling Spray                 Conjuration/Hexes            3
Comestibles
 d - 3 bread rations
 l - a meat ration
 o - 2 royal jellies


   Skills:
 * Level 1.8 Fighting
 + Level 1.6 Short Blades
 + Level 1.9 Dodging
 + Level 4.3 Stealth
 * Level 3.9 Spellcasting
 + Level 3.7 Hexes
 + Level 0.6 Ice Magic


You had 2 spell levels left.
You knew the following spells:

 Your Spells              Type           Power        Failure   Level  Hunger
a - Corona                Hex            ###....      3%          1    None
b - Ensorcelled Hibernat  Hex/Ice        ##....       11%         2    ##.....
c - Tukima's Dance        Hex            ###.....     11%         3    ###....
d - Confuse               Hex            ###.....     11%         3    ###....


Dungeon Overview and Level Annotations

Branches:
Dungeon (4/15)
 Temple: D:4-7

Altars:
Dithmenos
Makhleb
Ru


Innate Abilities, Weirdness & Mutations

You have extremely sharp teeth.
Your natural rate of healing is unusually fast.
When hurt, damage is shared between your health and your magic reserves.
Your bite disrupts and absorbs the magic of your enemies.
Potions cannot restore your health.
You are immune to rotting.


Message History

You throw a stone. The stone barely misses the orc wizard.
The stone hits the adder but does no damage.
The orc hits your mace with a hand axe.
Your mace falls from the air.
A hobgoblin comes into view. It is wielding a club.
Throwing (i - inventory. (,) - cycle):
t - 33 stones (quivered)
Press: ? - help, Shift-Dir - straight line, f/p - orc
Aim: an orc, wearing a leather armour (severely wounded)
You throw a stone.
The stone closely misses the orc wizard.
The stone misses the adder.
The stone closely misses the orc.
An orc wizard comes into view. It is wielding a dagger.
As you read the scroll of teleportation, it crumbles to dust.
You feel strangely unstable.
The orc wizard gestures at you while chanting.
The puff of flame hits you!
* * * LOW HITPOINT WARNING * * *
The orc wizard casts a spell at you. The puff of frost hits you!
You die...

....# ##o## ....#
.g. .##.# #o# .[#.#
#o# ....#########
#S# ....#.......#
#o# ##..#.......#
#.##
##.#........#####..#
..###....>..##..@..#
.#.#........##.#####
....#.......##.#
.####.......##.#
.####.########.#
......# #†# #######
#.# # #.# ### ###
#.#


You could see an orc wizard, an adder, 2 orcs and a hobgoblin.

Vanquished Creatures
  An orc priest (D:3)
  A worker ant (D:3)
  2 adders
  4 gnolls
  A worm (D:2)
  2 dart slugs (D:1)
  4 leopard geckos
  6 orcs
  3 giant cockroaches
  6 goblins
  8 hobgoblins
  16 jackals
  2 quokkas (D:2)
  2 ball pythons
  3 bats
  6 frilled lizards
  9 kobolds
  5 rats
81 creatures vanquished.

Vanquished Creatures (others)
  4 dancing weapons
4 creatures vanquished.

Grand Total: 85 creatures vanquished

Notes
Turn   | Place    | Note
-------+----------+-------------------------------------------
     0 | D:1      | Hook the Vine Stalker Enchanter began the quest for the Orb.
     0 | D:1      | Reached XP level 1. HP: 9/9 MP: 4/4
   581 | D:1      | Reached XP level 2. HP: 10/13 MP: 6/6
   858 | D:1      | Reached skill level 1 in Short Blades
  1806 | D:1      | Reached XP level 3. HP: 11/17 MP: 5/7
  1825 | D:1      | Learned a level 2 spell: Ensorcelled Hibernation
  1829 | D:1      | Learned a level 3 spell: Tukima's Dance
  3291 | D:2      | Found a sacrificial altar of Ru.
  3432 | D:2      | Gained mutation: Your natural rate of healing is unusually fast. [Vine Stalker growth]
  3432 | D:2      | Reached XP level 4. HP: 19/21 MP: 9/9
  3453 | D:1      | HP: 1/21 [gnoll (5)]
  3690 | D:1      | Learned a level 3 spell: Confuse
  3740 | D:1      | Reached skill level 4 in Stealth
  4056 | D:2      | Reached skill level 1 in Fighting
  4168 | D:3      | Reached XP level 5. HP: 17/25 MP: 5/11
  4376 | D:3      | Noticed an ice beast
  4406 | D:3      | Found a burning altar of Makhleb.
  5268 | D:3      | Found a shadowy altar of Dithmenos.
  5566 | D:3      | Killed from afar by an orc wizard

Vault maps used:
D:1:      minmay_arrival_arboretum_large, serial_bayou_pond_a
D:2:      nicolae_ru_sacrificial_ziggurat, minmay_octomino_e4
D:3:      lemuel_zombie_altar_kikubaaqudgha, lemuel_crystal_altar,
          bloody_makhleb, nemelex_xobeh_ov_fountains_minmay, minitemple
D:4:      yredelemnul_altar_generic, first_bread, serial_shops, shop, tgw_xom

Skill      XL: |  1  2  3  4 |
---------------+-------------+-----
Short Blades   | 1 |  1.6
Spellcasting   | 3 |  3.9
Stealth        | 4 |  4.3
Fighting       | 1 |  1.8
Dodging        | |  1.9
Hexes          | |  3.7
Ice Magic      | |  0.6

Action                   |  1- 3 |  4- 6 || total
-------------------------+-------+-------++-------
Melee: Dagger            |   133 |   144 ||   277
       Bite              |    25 |    28 ||    53
Throw: Stone             |       |     4 ||     4
 Cast: Corona            |    29 |    27 ||    56
       Ensorcelled Hiber |     8 |    10 ||    18
       Tukima's Dance    |     1 |    13 ||    14
  Use: Scroll            |     2 |    10 ||    12
 Stab: Sleeping          |     6 |     9 ||    15
  Eat: Chunk             |     9 |     8 ||    17
Armor: Robe              |    18 |    10 ||    28
Dodge: Dodged            |    70 |    91 ||   161
